 Dungeon Crawl Stone Soup version 0.25.0-9-g26727b657a (webtiles) character file.

Game seed: 5595876728885161212

262 nikku the Skirmisher (level 5, -2/51 HPs)
             Began as a Deep Dwarf Fighter on June 17, 2020.
             Slain by a gnoll
             ... wielding a +0 halberd
              (6 damage)
             ... on level 3 of the Dungeon.
             The game lasted 00:05:40 (1740 turns).

nikku the Skirmisher (Deep Dwarf Fighter)           Turns: 1740, Time: 00:05:40

Health: -2/51      AC: 11    Str: 21    XL:     5   Next: 97%
Magic:  3/3        EV:  7    Int:  8    God:
Gold:   191        SH:  9    Dex: 12    Spells: 4/4 levels left

rFire    . . .     SeeInvis .   a - +1 war axe
rCold    . . .     Gourm    .   c - +0 kite shield
rNeg     . . .     Faith    .   b - +0 scale mail
rPois    .         Spirit   .   h - +0 helmet
rElec    .         Reflect  .   p - +2 cloak
rCorr    .         Harm     .   (no gloves)
MR       .....                  (no boots)
Stlth    ..........             (no amulet)
HPRegen  0.00/turn              (no ring)
MPRegen  0.08/turn              (no ring)

@: mighty, berserk cooldown, non-regenerating, slowed, very slow
A: damage resistance, heal wounds, sense surroundings 1, no regeneration
a: Heal Wounds


You were on level 3 of the Dungeon.
You were not hungry.

You visited 1 branch of the dungeon, and saw 3 of its levels.

You collected 191 gold pieces.

Inventory:

Hand Weapons
 a - a +1 war axe (weapon)
Armour
 b - a +0 scale mail (worn)
 c - a +0 kite shield (worn)
 h - a +0 helmet (worn)
 p - a +2 cloak (worn)
Potions
 d - 4 potions of might
 e - a potion of flight {unknown}
 j - a potion of resistance
 k - a potion of berserk rage
 l - a potion of stabbing {unknown}
 m - a potion of curing {unknown}
 n - a potion of cancellation {unknown}
 o - a potion of heal wounds {unknown}
Comestibles
 f - 4 rations
 g - 9 chunks of flesh


   Skills:
 * Level 4.4 Fighting
 + Level 3.6 Axes
 + Level 4.3 Armour
 + Level 4.3 Shields


You had 4 spell levels left.
You didn't know any spells.
Your spell library was empty.

Dungeon Overview and Level Annotations

Branches:
Dungeon (3/15)

Altars:

Annotations:
D:3 Natasha


Innate Abilities, Weirdness & Mutations

You are resistant to damage.
You can heal yourself by infusing magical energy.
You passively map a small area around you.
You do not regenerate.


Message History

You closely miss the giant cockroach.
The giant cockroach is almost dead.
You block the giant cockroach's attack. You block the gnoll's attack.
You slash the giant cockroach!
You kill the giant cockroach!
The gnoll hits you but does no damage.
Items here: ( )) †† a +2 whip of holy wrath; a stone; a +0 club; a gnoll corpse x2
Your shield and scale mail prevent you from hitting the gnoll.
You are no longer berserk.
You are exhausted.
You feel yourself slow down. You block the gnoll's attack.
Your shield prevents you from hitting the gnoll.
The gnoll hits you but does no damage.
You barely miss the gnoll. The gnoll barely misses you.
The gnoll hits you with a +0 halberd.
You closely miss the gnoll. The gnoll hits you with a +0 halberd.
You block the gnoll's attack.
You closely miss the gnoll. The gnoll hits you with a +0 halberd!
You die...

, ..... * , , *
#... , . ,
###... .( , #.
#.... ,, ** h.
...##..$. * *
.. ........#*,
,. .., ,,
......#)## ...
.# , *
,#......†#.....
#
.....##@)......
, .##
,#g.#.#.#.#, ##
........... .#*
* #.....#.#.#.#
.# *
#............
....
*#.....#.#.#.#
...#
.....?.......,
.#.# ,
##.....#.#.#.#,
!...


You could see a gnoll.

Vanquished Creatures
  An ogre (D:3)
  Ijyb (D:3)
  3 gnolls (D:3)
  7 adders
  A worm (D:2)
  4 dart slugs
  3 giant cockroaches
  7 goblins
  7 hobgoblins
  8 kobolds
  3 bats
  3 frilled lizards
  13 rats
61 creatures vanquished.

Notes
Turn   | Place    | Note
-------+----------+-------------------------------------------
     0 | D:1      | nikku the Deep Dwarf Fighter began the quest for the Orb.
     0 | D:1      | Reached XP level 1. HP: 20/20 MP: 1/1
   119 | D:1      | Reached XP level 2. HP: 22/27 MP: 2/2
   761 | D:2      | Reached XP level 3. HP: 22/34 MP: 3/3
  1341 | D:2      | Reached XP level 4. HP: 40/42 MP: 3/3
  1617 | D:3      | Noticed an ogre
  1632 | D:3      | Killed an ogre
  1632 | D:3      | Reached XP level 5. HP: 4/50 MP: 4/4
  1709 | D:3      | Noticed Ijyb
  1710 | D:3      | Noticed Natasha
  1720 | D:3      | Killed Ijyb
  1740 | D:3      | Slain by a gnoll

Illustrated notes

Levels and vault maps discovered:
D:1:      lemuel_arrival_hallway, layout_basic, chequers_serial_rivers_large_a,
          kennysheep_nondescript
D:2:      layout_basic, kennysheep_generic_room_9
D:3:      layout_rooms, first_ration, glass_columns_c, uniq_ijyb, uniq_natasha

Skill      XL: |  1  2  3  4 |
---------------+-------------+-----
Fighting       | 3 4 |  4.4
Axes           | 3 |  3.6
Armour         | 4 |  4.3
Shields        | 4 |  4.3

Action                   |  1- 3 |  4- 6 || total
-------------------------+-------+-------++-------
Melee: War axe           |   100 |    55 ||   155
 Abil: Heal Wounds       |     1 |     2 ||     3
  Use: Scroll            |     5 |     3 ||     8
       Potion            |       |     2 ||     2
  Eat: Chunk             |     1 |     2 ||     3
Armor: Scale mail        |    49 |    22 ||    71
Dodge: Dodged            |    24 |    16 ||    40
Block: Kite shield       |    57 |    33 ||    90
